PAAA
PLYMOUTH ROCKS @ JERSEY CITY TRITONS
06/26/2042
 
TOP OF THE 1ST
Plymouth Rocks batting - Pitching for Jersey City Tritons : RHP Brian Gardner
Pitching: RHP Brian Gardner
Batting: LHB Michael Malloy 0-0: Ball
1-0: Ball
2-0: Ball
3-0: Base on Balls
Batting: RHB Tony Randolph 0-0: Ball
1-0: SINGLE (Line Drive, 8LS, EV 100.0 MPH)
Michael Malloy to second
Batting: RHB Elias den Blick 0-0: Called Strike
0-1: Swinging Strike
0-2: Ball
1-2: Ball
2-2: Strikes out swinging
Batting: LHB Rafael Martínez 0-0: Foul Ball, location: 2F
0-1: Ball
1-1: Ball
2-1: Ball
3-1: Fly out, F9 (Flyball, 9, EV 95.0 MPH)
Batting: RHB Jaime Burgos 0-0: Foul Ball, location: 2F
0-1: Fly out, F8 (Flyball, 8LXD, EV 102.5 MPH)
Top of the 1st over - 0 runs, 1 hit, 0 errors, 2 left on base; Plymouth 0 - Jersey City 0
BOTTOM OF THE 1ST
Jersey City Tritons batting - Pitching for Plymouth Rocks : RHP Alberto Álvarez
Pitching: RHP Alberto Álvarez
Batting: LHB Justice Bigbie 0-0: Ball
1-0: SINGLE (Line Drive, 34D, EV 96.2 MPH)
Batting: RHB Santiago Valentín 0-0: Called Strike
Justice Bigbie steals 2nd base (no throw)
0-1: Foul Ball, location: 2F
0-2: Ball
1-2: Ball
2-2: Foul Ball, location: 2F
2-2: Strikes out looking
Batting: LHB Kevin Hancock 0-0: Called Strike
Justice Bigbie steals 3rd, throwing error, E2
Justice Bigbie scores
0-1: Ball
1-1: Swinging Strike
1-2: Ball
2-2: Ground out 2-3 (Groundball, 2L, EV 64.4 MPH)
Batting: RHB Alfredo Valdéz 0-0: Called Strike
0-1: Ball
1-1: Ground out 6-3 (Groundball, 6, EV 86.2 MPH)
Bottom of the 1st over - 1 run, 1 hit, 1 error, 0 left on base; Plymouth 0 - Jersey City 1
TOP OF THE 2ND
Plymouth Rocks batting - Pitching for Jersey City Tritons : RHP Brian Gardner
Batting: LHB You-liang Yang 0-0: Swinging Strike
0-1: Ball
1-1: Foul Ball, location: 2F
1-2: Strikes out swinging
Batting: RHB Josip Primorac 0-0: Ball
1-0: Foul Ball, location: 2F
1-1: Ball
2-1: Ball
3-1: Fly out, F9 (Flyball, 9S, EV 86.9 MPH)
Batting: RHB Curt Taylor 0-0: Ball
1-0: Ground out 5-3 (Groundball, 56, EV 100.0 MPH)
Top of the 2nd over - 0 runs, 0 hits, 0 errors, 0 left on base; Plymouth 0 - Jersey City 1
BOTTOM OF THE 2ND
Jersey City Tritons batting - Pitching for Plymouth Rocks : RHP Alberto Álvarez
Batting: LHB Carlos Díaz 0-0: Ball
1-0: Ball
2-0: Called Strike
2-1: Foul Ball, location: 2F
2-2: Ground out 5-3 (Groundball, 56S, EV 88.8 MPH)
Batting: RHB Esteban Rojas 0-0: Ball
1-0: Fly out, F8 (Line Drive, 8RD, EV 90.6 MPH)
Batting: RHB Omar Krutsinger 0-0: Called Strike
0-1: Ball
1-1: Fly out, F6 (Popup, 6S, EV 70.0 MPH)
Bottom of the 2nd over - 0 runs, 0 hits, 0 errors, 0 left on base; Plymouth 0 - Jersey City 1
TOP OF THE 3RD
Plymouth Rocks batting - Pitching for Jersey City Tritons : RHP Brian Gardner
Batting: LHB Dae-ik Park 0-0: Ball
1-0: Ball
2-0: Ground out 4-3 (Groundball, 4, EV 82.5 MPH)
Batting: LHB Michael Malloy 0-0: Foul Ball, location: 2F
0-1: Ball
1-1: Foul Ball, location: 2F
1-2: DOUBLE (Line Drive, 7LM, EV 103.1 MPH)
Batting: RHB Tony Randolph 0-0: Ball
1-0: Foul Ball, location: 2F
1-1: Foul Ball, location: 2F
1-2: Foul Ball, location: 2F
1-2: Ball
2-2: Fly out, F8 (Flyball, 8RXD, EV 95.6 MPH)
Runner from 2nd tags up, SAFE at 3rd, no throw by CF
Batting: RHB Elias den Blick 0-0: Called Strike
0-1: Ball
1-1: Fly out, F9 (Line Drive, 9D, EV 96.9 MPH)
Top of the 3rd over - 0 runs, 1 hit, 0 errors, 1 left on base; Plymouth 0 - Jersey City 1
BOTTOM OF THE 3RD
Jersey City Tritons batting - Pitching for Plymouth Rocks : RHP Alberto Álvarez
Batting: LHB Jarred Williamson 0-0: Ball
1-0: Ball
2-0: Ball
3-0: Called Strike
3-1: Swinging Strike
3-2: Foul Ball, location: 2F
3-2: Strikes out swinging
Batting: RHB Ramón Rodríguez 0-0: Ball
1-0: Foul Ball, location: 2F
1-1: Foul Ball, location: 2F
1-2: Foul Ball, location: 2F
1-2: Ground out U3 (Groundball, 34, EV 103.8 MPH)
Batting: LHB Justice Bigbie 0-0: Ball
1-0: Swinging Strike
1-1: Ball
2-1: Swinging Strike
2-2: Strikes out swinging
Bottom of the 3rd over - 0 runs, 0 hits, 0 errors, 0 left on base; Plymouth 0 - Jersey City 1
TOP OF THE 4TH
Plymouth Rocks batting - Pitching for Jersey City Tritons : RHP Brian Gardner
Batting: LHB Rafael Martínez 0-0: Ball
1-0: Ground out 1-3 (Groundball, P, EV 62.5 MPH)
Batting: RHB Jaime Burgos 0-0: Called Strike
0-1: Swinging Strike
0-2: Ground out 3-1 (Groundball, 34, EV 85.0 MPH)
Batting: LHB You-liang Yang 0-0: Ball
1-0: Called Strike
1-1: Called Strike
1-2: Ball
2-2: SOLO HOME RUN (Flyball, 9D, EV 111.9 MPH), Distance : 373 ft
Batting: RHB Josip Primorac 0-0: Swinging Strike
0-1: Swinging Strike
0-2: Ball
1-2: Foul Ball, location: 2F
1-2: Strikes out swinging
Top of the 4th over - 1 run, 1 hit, 0 errors, 0 left on base; Plymouth 1 - Jersey City 1
BOTTOM OF THE 4TH
Jersey City Tritons batting - Pitching for Plymouth Rocks : RHP Alberto Álvarez
Batting: RHB Santiago Valentín 0-0: SINGLE (Groundball, 34D, EV 99.4 MPH)
Batting: LHB Kevin Hancock 0-0: Ball
1-0: Foul Ball, location: 2F
1-1: Ball
2-1: Foul Ball, location: 2F
2-2: Foul Ball, location: 2F
2-2: Fielders Choice at 2nd, 4-6 (Groundball, 4, EV 82.5 MPH)
Batting: RHB Alfredo Valdéz 0-0: Ball
Kevin Hancock steals 2nd base (no throw)
1-0: Ball
2-0: Fly out, F8 (Flyball, 8LS, EV 82.5 MPH)
Batting: LHB Carlos Díaz 0-0: Ball
1-0: Ball
2-0: Ball
3-0: Called Strike
3-1: Fly out, F8 (Flyball, 8LS, EV 89.4 MPH)
Bottom of the 4th over - 0 runs, 1 hit, 0 errors, 1 left on base; Plymouth 1 - Jersey City 1
TOP OF THE 5TH
Plymouth Rocks batting - Pitching for Jersey City Tritons : RHP Brian Gardner
Batting: RHB Curt Taylor 0-0: Called Strike
0-1: SINGLE (Line Drive, 8RS, EV 86.9 MPH)
Batting: LHB Dae-ik Park 0-0: Bunted foul
0-1: Sac Bunt to 2R - play at first, batter OUT! 2-4
Curt Taylor to second
Batting: LHB Michael Malloy 0-0: Ball
1-0: Ball
2-0: Swinging Strike
2-1: Ball
3-1: Base on Balls
Batting: RHB Tony Randolph 0-0: Foul Ball, location: 2F
0-1: Foul Ball, location: 2F
0-2: Ball
1-2: Ball
2-2: Foul Ball, location: 2F
2-2: Foul Ball, location: 2F
2-2: Fielders Choice at 2nd, 6-4 (Groundball, 56, EV 84.4 MPH)
Curt Taylor to third
Batting: RHB Elias den Blick 0-0: Called Strike
0-1: SINGLE (Line Drive, 56, EV 94.4 MPH)
Curt Taylor scores
Tony Randolph to second
Batting: LHB Rafael Martínez 0-0: Ball
1-0: Ball
2-0: Ball
3-0: Called Strike
3-1: Swinging Strike
3-2: Base on Balls
Tony Randolph to third
Elias den Blick to second
Batting: RHB Jaime Burgos 0-0: Foul Ball, location: 2F
0-1: Ball
1-1: Foul Ball, location: 2F
1-2: Strikes out swinging
Top of the 5th over - 1 run, 2 hits, 0 errors, 3 left on base; Plymouth 2 - Jersey City 1
BOTTOM OF THE 5TH
Jersey City Tritons batting - Pitching for Plymouth Rocks : RHP Alberto Álvarez
Batting: RHB Esteban Rojas 0-0: Foul Ball, location: 2F
0-1: Foul Ball, location: 2F
0-2: Fly out, F4 (Popup, 4, EV 56.9 MPH)
Batting: RHB Omar Krutsinger 0-0: Ground out 6-3 (Groundball, 6, EV 84.4 MPH)
Batting: LHB Jarred Williamson 0-0: Swinging Strike
0-1: Foul Ball, location: 2F
0-2: Ball
1-2: Ball
2-2: Ball
3-2: Foul Ball, location: 2F
3-2: Fly out, F8 (Flyball, 8RXD, EV 106.9 MPH)
Bottom of the 5th over - 0 runs, 0 hits, 0 errors, 0 left on base; Plymouth 2 - Jersey City 1
TOP OF THE 6TH
Plymouth Rocks batting - Pitching for Jersey City Tritons : RHP Brian Gardner
Batting: LHB You-liang Yang 0-0: Foul Ball, location: 2F
0-1: Ball
1-1: Foul Ball, location: 2F
1-2: Ball
2-2: Ball
3-2: Foul Ball, location: 2F
3-2: Foul Ball, location: 2F
3-2: Foul Ball, location: 2F
3-2: Base on Balls
Batting: RHB Josip Primorac 0-0: Ball
1-0: Ball
2-0: Bunted foul
2-1: Bunted foul
2-2: Ball
You-liang Yang steals 2nd base
3-2: Intentional Walk
Pitching: LHP Adrián Padilla
Batting: RHB Curt Taylor 0-0: Called Strike
0-1: Grounds into double play, 6-4-3 (Groundball, 6, EV 86.2 MPH)
You-liang Yang to third
Batting: LHB Dae-ik Park 0-0: SINGLE (Groundball, 4D, EV 100.0 MPH)
You-liang Yang scores
Batting: LHB Michael Malloy 0-0: Called Strike
0-1: Ground out U3 (Groundball, 3L, EV 97.5 MPH)
Top of the 6th over - 1 run, 1 hit, 0 errors, 1 left on base; Plymouth 3 - Jersey City 1
BOTTOM OF THE 6TH
Jersey City Tritons batting - Pitching for Plymouth Rocks : RHP Alberto Álvarez
Batting: RHB Ramón Rodríguez 0-0: Ball
1-0: Fly out, F8 (Flyball, 8LM, EV 90.0 MPH)
Batting: LHB Justice Bigbie 0-0: Foul Ball, location: 2F
0-1: Ball
1-1: Foul Ball, location: 2F
1-2: SINGLE (Groundball, 4M, EV 103.8 MPH) (infield hit)
Batting: RHB Santiago Valentín 0-0: Fly out, F7 (Flyball, 7S, EV 91.9 MPH)
Batting: LHB Kevin Hancock 0-0: Ball
1-0: Swinging Strike
1-1: Ball
2-1: Ball
Justice Bigbie steals 2nd base
3-1: Called Strike
3-2: Base on Balls
Batting: RHB Alfredo Valdéz 0-0: Ball
1-0: Foul Ball, location: 2F
1-1: Ball
2-1: Fly out, F8 (Flyball, 8RM, EV 83.1 MPH)
Bottom of the 6th over - 0 runs, 1 hit, 0 errors, 2 left on base; Plymouth 3 - Jersey City 1
TOP OF THE 7TH
Plymouth Rocks batting - Pitching for Jersey City Tritons : LHP Adrián Padilla
Batting: RHB Tony Randolph 0-0: Ball
1-0: Foul Ball, location: 2F
1-1: Foul Ball, location: 2F
1-2: Fly out, F8 (Flyball, 8LD, EV 105.0 MPH)
Batting: RHB Elias den Blick 0-0: Foul Ball, location: 2F
0-1: Ball
1-1: Foul Ball, location: 2F
1-2: Fly out, F3 (Flyball, 3D, EV 75.6 MPH)
Batting: LHB Rafael Martínez 0-0: Ball
1-0: Swinging Strike
1-1: Foul Ball, location: 2F
1-2: Fly out, F6 (Flyball, 56D, EV 85.0 MPH)
Top of the 7th over - 0 runs, 0 hits, 0 errors, 0 left on base; Plymouth 3 - Jersey City 1
BOTTOM OF THE 7TH
Jersey City Tritons batting - Pitching for Plymouth Rocks : RHP Alberto Álvarez
Batting: LHB Carlos Díaz 0-0: Fly out, F8 (Flyball, 8RXD, EV 74.4 MPH)
Batting: RHB Esteban Rojas 0-0: Ball
1-0: Ball
2-0: Called Strike
2-1: Foul Ball, location: 2F
2-2: Foul Ball, location: 2F
2-2: Strikes out swinging
Batting: RHB Omar Krutsinger 0-0: Called Strike
0-1: Ground out 6-3 (Groundball, 56, EV 102.5 MPH)
Bottom of the 7th over - 0 runs, 0 hits, 0 errors, 0 left on base; Plymouth 3 - Jersey City 1
TOP OF THE 8TH
Plymouth Rocks batting - Pitching for Jersey City Tritons : LHP Adrián Padilla
Batting: RHB Jaime Burgos 0-0: Ball
1-0: Ball
2-0: Ground out 4-3 (Groundball, 34, EV 109.4 MPH)
Batting: LHB You-liang Yang 0-0: Foul Ball, location: 2F
0-1: Foul Ball, location: 2F
0-2: Fly out, F8 (Flyball, 8RXD, EV 86.2 MPH)
Batting: RHB Josip Primorac 0-0: Ball
1-0: Fly out, F8 (Line Drive, 8LM, EV 91.9 MPH)
Top of the 8th over - 0 runs, 0 hits, 0 errors, 0 left on base; Plymouth 3 - Jersey City 1
BOTTOM OF THE 8TH
Jersey City Tritons batting - Pitching for Plymouth Rocks : RHP Alberto Álvarez
Batting: LHB Jarred Williamson 0-0: Called Strike
0-1: Ball
1-1: Ball
2-1: Ball
3-1: Swinging Strike
3-2: Base on Balls
Batting: RHB Ramón Rodríguez 0-0: Swinging Strike
0-1: Fly out, F5 (Flyball, 5D, EV 86.9 MPH)
Batting: LHB Justice Bigbie 0-0: Ball
1-0: Fielders Choice at 2nd, 6-4 (Groundball, 6, EV 88.8 MPH)
Batting: RHB Santiago Valentín 0-0: Ball
1-0: Ball
2-0: Called Strike
2-1: Ball
3-1: SINGLE (Groundball, 6D, EV 96.9 MPH)
Justice Bigbie to second
Pitching: RHP Erik Jackson
Batting: LHB Kevin Hancock 0-0: Ball
1-0: Foul Ball, location: 2F
1-1: Ball
2-1: Foul Ball, location: 2F
2-2: Fly out, F8 (Flyball, 8RXD, EV 88.1 MPH)
Bottom of the 8th over - 0 runs, 1 hit, 0 errors, 2 left on base; Plymouth 3 - Jersey City 1
TOP OF THE 9TH
Plymouth Rocks batting - Pitching for Jersey City Tritons : LHP Adrián Padilla
Batting: RHB Curt Taylor 0-0: Ball
1-0: Called Strike
1-1: Ball
2-1: Called Strike
2-2: Fly out, F7 (Line Drive, 7, EV 98.1 MPH)
Batting: LHB Dae-ik Park 0-0: Ball
1-0: Ball
2-0: Called Strike
2-1: Ground out 6-3 (Groundball, 6M, EV 87.5 MPH)
Batting: LHB Michael Malloy 0-0: Ball
1-0: Ball
2-0: Ball
3-0: Swinging Strike
3-1: Called Strike
3-2: Base on Balls
Batting: RHB Tony Randolph 0-0: Ball
1-0: Ball
2-0: Ball
3-0: Base on Balls
Michael Malloy to second
Pitching: LHP Cedric Zuercher
Batting: RHB Elias den Blick 0-0: Called Strike
0-1: Swinging Strike
0-2: Ball
1-2: Foul Ball, location: 2F
1-2: Ground out 1-3 (Groundball, P, EV 85.0 MPH)
Top of the 9th over - 0 runs, 0 hits, 0 errors, 2 left on base; Plymouth 3 - Jersey City 1
BOTTOM OF THE 9TH
Jersey City Tritons batting - Pitching for Plymouth Rocks : RHP Erik Jackson
Now at SS: António Avery
Batting: RHB Alfredo Valdéz 0-0: Ball
1-0: Ball
2-0: Called Strike
2-1: Ball
3-1: Fly out, F8 (Flyball, 8LS, EV 78.8 MPH)
Batting: LHB Carlos Díaz 0-0: Foul Ball, location: 2F
0-1: Fly out, F8 (Flyball, 8RD, EV 100.0 MPH)
Batting: RHB Esteban Rojas 0-0: Called Strike
0-1: Ball
1-1: Foul Ball, location: 2F
1-2: Strikes out swinging
Bottom of the 9th over - 0 runs, 0 hits, 0 errors, 0 left on base; Plymouth 3 - Jersey City 1
Friday, March 26th, 2021 - OOTP Baseball 20.8 Build 74